 Dungeon Crawl Stone Soup version 0.20.1-1-g8b1a95d (webtiles) character file.

23738 OdinFK the Carver (level 12, -6/108 HPs)
             Began as a Minotaur Berserker on Oct 16, 2017.
             Was a High Priest of Trog.
             Killed by divine providence
             ... invoked by an orc priest
              (15 damage)
             ... on level 2 of the Orcish Mines on Oct 17, 2017.
             The game lasted 01:16:32 (12145 turns).

OdinFK the Carver (Minotaur Berserker)             Turns: 12145, Time: 01:16:32

Health: -6/108     AC: 25    Str: 25    XL:     12   Next: 74%
Magic:  3/3        EV:  9    Int:  4    God:    Trog [*****.]
Gold:   1277       SH: 15    Dex:  9    Spells: 11/11 levels left

rFire    + . .     SeeInvis .   Y - +1 demon blade (antimagic)
rCold    . . .     Gourm    .   M - +2 shield
rNeg     . . .     Faith    .   z - +3 plate armour {rF+}
rPois    .         Spirit   .   (helmet unavailable)
rElec    .         Reflect  .   P - +2 cloak {+Inv}
rCorr    .         Harm     .   B - +1 pair of gloves
MR       +++..                  R - +0 pair of boots
Stlth    ..........             l - amulet of magic regeneration
Regen    1.3/turn               i - -3 ring of dexterity (curse)
MPRegen  0.2/turn               O - ring of protection from magic

@: regenerating
A: retaliatory headbutt, horns 3, talons 2, blink
a: Blink, Berserk, Trog's Hand, Brothers in Arms, Burn Spellbooks, Renounce
Religion, Evoke Invisibility


You were on level 2 of the Orcish Mines.
You worshipped Trog.
Trog was extremely pleased with you.
You were hungry.

You visited 2 branches of the dungeon, and saw 15 of its levels.

You collected 1277 gold pieces.

Inventory:

Hand Weapons
 a - a +0 falchion
 E - a +3 mace
 T - a +2 short sword of holy wrath
 Y - a +1 antimagic demon blade (weapon)
Missiles
 y - 2 tomahawks of returning (quivered)
 X - 5 silver javelins
Armour
 z - a +3 plate armour of fire resistance (worn)
 B - a +1 pair of gloves (worn)
 M - a +2 shield (worn)
 P - a +2 cloak of invisibility (worn)
 R - a +0 pair of boots (worn)
 U - a +1 chain mail of magic resistance
 W - a +2 plate armour of poison resistance
Jewellery
 i - a cursed -3 ring of dexterity (left hand)
 l - an amulet of magic regeneration (around neck)
 q - an uncursed ring of protection from cold
 w - an uncursed ring of resist corrosion
 J - an uncursed ring of flight
 O - a ring of protection from magic (right hand)
 V - an uncursed ring of protection from magic
Wands
 g - a wand of iceblast (8/15)
 r - a wand of lightning (10/15)
 I - a wand of lightning (10/15)
 Q - a wand of iceblast (7/15)
Scrolls
 b - a scroll of noise {unknown}
 e - a scroll of identify
 k - 5 scrolls of enchant armour
 o - 6 scrolls of teleportation
 s - a scroll of fog
 u - a scroll of remove curse {unknown}
 A - a scroll of fear
 C - a scroll of amnesia {unknown}
 H - a scroll of acquirement {unknown}
 N - a scroll of blinking
 S - a scroll of enchant weapon
Potions
 d - 6 potions of haste
 j - a potion of mutation
 n - a potion of brilliance
 t - 2 potions of flight
 v - 2 potions of magic
 x - a potion of ambrosia
 D - a potion of agility {unknown}
 F - a potion of heal wounds
 G - 5 potions of curing
 K - 3 potions of might
 L - 2 potions of resistance
Miscellaneous
 Z - a sack of spiders
Comestibles
 c - 7 bread rations
 f - 11 royal jellies
 h - 5 meat rations
 m - 2 chunks of flesh
 p - 23 fruits


   Skills:
 + Level 10.7 Fighting
 + Level 14.6 Long Blades
 + Level 1.0 Throwing
 + Level 11.2 Armour
 + Level 4.1 Dodging
 + Level 0.5 Stealth
 + Level 13.8 Shields


You had 11 spell levels left.
You didn't know any spells.

Dungeon Overview and Level Annotations

Branches:
Dungeon (13/15)            Temple (0/1) D:6            Lair (0/6) D:8
    Orc (2/2) D:10            Elf (0/3) Orc:2
 Vaults: D:13-14

Altars:
Ashenzari
Dithmenos
Hepliaklqana
Okawaru
Sif Muna
Uskayaw
Vehumet
Xom
Yredelemnul
Zin
The Shining One


Innate Abilities, Weirdness & Mutations

You reflexively headbutt those who attack you in melee.
You have a pair of large horns on your head.
You have razor-sharp toenails.
You can translocate small distances at will.


Message History

The orc warrior is moderately wounded.
You slash the orc warrior! Your headbutt misses the orc warrior.
The orc warrior is severely wounded.
The orc warrior hits you with a war axe.
The orc priest mumbles some strange prayers to Beogh against you.
Beogh smites you!
The orc priest casts a cantrip, but nothing happens.
The orc priest calls down the wrath of Beogh upon you.
Beogh smites you!
* * * LOW HITPOINT WARNING * * *
You hear a shout!
Your skin crawls.
You feel resistant to hostile enchantments.
You feel somewhat more hungry. You block the orc warrior's attack.
The orc priest mumbles some strange prayers to Beogh against you.
Beogh smites you!
* * * LOW HITPOINT WARNING * * *
The orc priest mumbles some strange prayers to Beogh against you.
Beogh smites you!
You die...

#...o..†)#
#.....(o.#
#....)o..#
##.o.o#o.##
#...o.o..#
##.$oo..## ##.#o####
# #.#.oo..##
#.....#/[@..#
##....#....##
##..###.###
.#....#...# #.
..........## .
.#...........###
###.##............##
#..................#
....#..........##.##


You could see 3 orc warriors, 3 orc priests and an orc.

Vanquished Creatures
  An orc warlord (D:10)
  A hydra (D:11)
  3 two-headed ogres
  An unseen horror (D:12)
  The ghost of Peloso the Carver, a novice DsFi of Okawaru (D:8)
  An orc knight (D:10)
  Pikel (D:7)
  2 cyclopes
  An orc sorcerer (Orc:2)
  An ugly thing (D:12)
  Psyche (D:11)
  Maurice (D:12)
  2 komodo dragons (D:10)
  8 trolls
  2 dream sheep (D:11)
  4 hippogriffs
  Prince Ribbit (D:6)
  Sigmund (D:6)
  A shadow (D:12)
  A wraith (D:12)
  A vampire (D:9)
  A hungry ghost (D:11)
  A basilisk (D:12)
  11 yaks
  Menkaure (D:6)
  The ghost of Crag the Shield-Bearer, an amateur HaFi (D:3)
  3 acid dragons
  5 soldier ants
  3 wargs
  A water moccasin (D:9)
  3 ice beasts
  2 slaves (D:7)
  23 orc warriors
  A black bear (D:10)
  A necrophage (D:9)
  3 phantoms (D:5)
  An eye of draining (D:10)
  10 ogres
  A crocodile (D:11)
  4 centaurs
  4 big kobolds
  3 bullfrogs
  Blork the orc (D:5)
  4 scorpions
  A wyvern skeleton (D:10)
  A water moccasin skeleton (D:8)
  5 killer bees
  7 wights
  3 howler monkeys
  2 jellies (D:12)
  7 crimson imps
  A centaur zombie (D:6)
  3 centaur skeletons
  4 hounds
  A quasit (D:8)
  A bullfrog skeleton (D:5)
  13 orc priests
  3 iguanas
  Terence (D:2)
  9 orc wizards
  Ijyb (D:5)
  18 worker ants
  2 hound skeletons (D:6)
  2 worker ant zombies
  11 gnolls
  A howler monkey zombie (D:5)
  12 adders
  A shadow imp (D:5)
  An adder skeleton (D:4)
  An adder zombie (D:7)
  2 worms (D:3)
  A dart slug (D:3)
  6 leopard geckos
  86 orcs
  9 giant cockroaches
  10 goblins
  5 hobgoblins
  6 jackals
  7 quokkas
  2 ball pythons
  14 bats
  5 frilled lizards
  10 kobolds
  7 rats
406 creatures vanquished.

Notes
Turn   | Place    | Note
-------+----------+-------------------------------------------
     0 | D:1      | OdinFK the Minotaur Berserker began the quest for the Orb.
     0 | D:1      | Reached XP level 1. HP: 19/19 MP: 0/0
   219 | D:1      | Reached skill level 4 in Long Blades
   221 | D:1      | Reached XP level 2. HP: 27/27 MP: 1/1
   523 | D:1      | Reached XP level 3. HP: 33/33 MP: 2/2
   863 | D:2      | Reached ** piety under Trog
   942 | D:2      | Found a hazy altar of Hepliaklqana.
  1152 | D:2      | Noticed Terence
  1161 | D:2      | Killed Terence
  1161 | D:2      | Reached skill level 1 in Shields
  1161 | D:2      | Reached XP level 4. HP: 25/41 MP: 3/3
  1265 | D:2      | Reached skill level 5 in Long Blades
  1703 | D:3      | Noticed Crag's ghost (amateur HaFi)
  1732 | D:3      | Killed Crag's ghost
  1732 | D:3      | Reached XP level 5. HP: 37/47 MP: 4/4
  1822 | D:3      | Found a hide-covered altar of Uskayaw.
  2187 | D:3      | Reached skill level 6 in Long Blades
  2187 | D:3      | Reached XP level 6. HP: 53/55 MP: 5/5
  2495 | D:4      | Reached *** piety under Trog
  2825 | D:4      | Reached skill level 5 in Fighting
  2895 | D:4      | Found a glowing golden altar of the Shining One.
  3208 | D:5      | Entered Level 5 of the Dungeon
  3274 | D:5      | Noticed Blork the orc
  3280 | D:5      | Killed Blork the orc
  3280 | D:5      | Reached XP level 7. HP: 57/61 MP: 6/6
  3465 | D:5      | Reached **** piety under Trog
  3536 | D:5      | Reached skill level 7 in Long Blades
  3576 | D:5      | Found a runed door.
  3589 | D:5      | Found a runed door.
  3707 | D:5      | Noticed Ijyb
  3715 | D:5      | Killed Ijyb
  3715 | D:5      | Reached skill level 5 in Shields
  3815 | D:5      | Reached skill level 5 in Armour
  3828 | D:5      | Reached XP level 8. HP: 69/69 MP: 7/7
  4134 | D:5      | Found a deep blue altar of Sif Muna.
  4210 | D:6      | Reached skill level 8 in Long Blades
  4227 | D:6      | Found a glowing silver altar of Zin.
  4246 | D:6      | Found an iron altar of Okawaru.
  4248 | D:6      | Found a shadowy altar of Dithmenos.
  4282 | D:6      | Gained mutation: You have sharp toenails. [potion of mutation]
  4282 | D:6      | Gained mutation: You can translocate small distances at will. [potion of mutation]
  4282 | D:6      | Gained mutation: You have razor-sharp toenails. [potion of mutation]
  4282 | D:6      | Gained mutation: You have a pair of large horns on your head. [potion of mutation]
  4362 | D:6      | Noticed Prince Ribbit
  4378 | D:6      | Killed Prince Ribbit
  4386 | D:6      | Found a staircase to the Ecumenical Temple.
  4727 | D:6      | Noticed Sigmund
  4732 | D:6      | Noticed Menkaure
  4732 | D:6      | Killed Sigmund
  4732 | D:6      | Reached XP level 9. HP: 78/78 MP: 8/8
  4849 | D:6      | Reached skill level 9 in Long Blades
  4897 | D:6      | Killed Menkaure
  5145 | D:7      | Reached ***** piety under Trog
  5202 | D:7      | Noticed Pikel
  5447 | D:7      | Killed Pikel
  5590 | D:8      | Reached skill level 10 in Long Blades
  5851 | D:8      | Found a basalt altar of Yredelemnul.
  5865 | D:8      | Found a glowing golden altar of the Shining One.
  5895 | D:8      | Noticed Peloso's ghost (novice DsFi)
  5896 | D:8      | Noticed a troll
  5916 | D:8      | Killed Peloso's ghost
  5916 | D:8      | Reached XP level 10. HP: 86/86 MP: 9/9
  6215 | D:8      | Noticed a two-headed ogre
  6224 | D:8      | Killed a two-headed ogre
  6224 | D:8      | Reached skill level 10 in Shields
  6316 | D:8      | Found a staircase to the Lair.
  6593 | D:8      | Noticed an angel
  6731 | D:9      | Received a gift from Trog
  6731 | D:9      | Reached skill level 11 in Long Blades
  6739 | D:9      | Found a shimmering altar of Xom.
  6739 | D:9      | Found a radiant altar of Vehumet.
  6744 | D:9      | Found a faded altar of an unknown god.
  6746 | D:9      | Found a faded altar of an unknown god.
  6748 | D:9      | Found a shattered altar of Ashenzari.
  7334 | D:10     | Entered Level 10 of the Dungeon
  7838 | D:10     | Found a staircase to the Orcish Mines.
  7888 | D:10     | Reached XP level 11. HP: 87/94 MP: 10/10
  7903 | D:10     | Reached skill level 12 in Long Blades
  8080 | D:10     | Noticed a two-headed ogre
  8094 | D:10     | Killed a two-headed ogre
  8102 | D:10     | Received a gift from Trog
  8559 | Orc:1    | Entered Level 1 of the Orcish Mines
  8672 | Orc:2    | Entered Level 2 of the Orcish Mines
  8672 | Orc:2    | Noticed an orc warlord
  8701 | Orc:1    | Reached skill level 1 in Throwing
  8701 | Orc:1    | Reached skill level 10 in Armour
  8824 | D:11     | Noticed Psyche
  8835 | D:11     | Killed Psyche
  8923 | D:11     | Noticed an orc knight
  9245 | D:10     | Killed an orc knight
  9245 | D:10     | Reached skill level 13 in Long Blades
  9368 | D:11     | Noticed a three-headed hydra
  9816 | D:11     | Noticed a four-headed hydra
 10115 | D:10     | Killed an orc warlord
 10115 | D:10     | Reached XP level 12. HP: 105/105 MP: 3/11
 10284 | Orc:2    | Paralysed by an orc sorcerer for 6 turns
 10608 | D:11     | Killed a three-headed hydra
 10849 | D:12     | Reached skill level 14 in Long Blades
 10974 | D:12     | Reached skill level 10 in Fighting
 11091 | D:12     | Noticed Maurice
 11103 | D:12     | Killed Maurice
 11158 | D:12     | Noticed a two-headed ogre
 11165 | D:12     | Killed a two-headed ogre
 11198 | D:12     | Received a gift from Trog
 11626 | D:13     | Reached ****** piety under Trog
 11638 | D:13     | Noticed an entropy weaver
 12046 | Orc:2    | Found a staircase to the Elven Halls.
 12145 | Orc:2    | Killed from afar by an orc priest

Skill      XL: |  1  2  3  4  5  6  7  8  9 10 11 12 |
---------------+-------------------------------------+-----
Long Blades    | 4 5 6 7 8 10 11 13 14 | 14.6
Fighting       | 4 5 6 7 9 10 | 10.7
Armour         | 3 4 5 6 8 9 10 11 | 11.2
Shields        | 1 2 3 5 7 9 11 12 13 | 13.8
Dodging        | 3 4 |  4.1
Throwing       | 1 |  1.0
Stealth        | |  0.5

Action                   |  1- 3 |  4- 6 |  7- 9 | 10-12 || total
-------------------------+-------+-------+-------+-------++-------
Melee: Falchion          |   117 |   206 |   439 |   271 ||  1033
       Headbutt          |    16 |    44 |    90 |   225 ||   375
       Kick              |       |       |    68 |    33 ||   101
       Demon blade       |       |       |       |   556 ||   556
       Mace              |       |       |       |    11 ||    11
Throw: Tomahawk          |       |       |       |     8 ||     8
Invok: Berserk           |       |     1 |     4 |     7 ||    12
       Burn Spellbooks   |       |       |       |     2 ||     2
       Trog's Hand       |       |       |       |     1 ||     1
 Abil: Blink             |       |       |       |     9 ||     9
  Use: Scroll            |     1 |     1 |     3 |    12 ||    17
       Potion            |       |       |     2 |       ||     2
  Eat: Chunk             |       |     9 |    12 |    30 ||    51
Armor: Plate armour      |    78 |   120 |   180 |   129 ||   507
       Animal skin       |     1 |       |       |       ||     1
       Chain mail        |       |       |       |    61 ||    61
Dodge: Dodged            |    29 |    34 |    62 |   150 ||   275
Block: Shield            |    29 |   102 |   219 |   470 ||   820
       Rpst.: Falchion   |     4 |    14 |    17 |     9 ||    44
       Demon blade       |       |       |       |    22 ||    22
